 Dungeon Crawl Stone Soup version 0.20-a0-513-g02c11fc (webtiles) character file.

6291 Klosterheim the Cleaver (level 10, -16/94 HPs)
             Began as a Minotaur Fighter on Jan 23, 2017.
             Was an Elder of Uskayaw.
             Demolished by an orc knight
             ... wielding a +0 trident
              (24 damage)
             ... in a bailey.
             The game lasted 00:14:52 (9128 turns).

Klosterheim the Cleaver (Minotaur Fighter)          Turns: 9128, Time: 00:14:52

Health: -16/94     AC: 10    Str: 24    XL:     10   Next: 63%
Magic:  9/9        EV:  8    Int:  5    God:    Uskayaw [****..]
Gold:   584        SH:  0    Dex: 10    Spells: 9/9 levels left

rFire    + . .     SeeInvis .   a - +0 war axe
rCold    . . .     Gourm    .   t - +0 chain mail
rNeg     . . .     Faith    .   (no shield)
rPois    .         Spirit   .   (helmet restricted)
rElec    .         Reflect  .   (no cloak)
rCorr    .         Harm     +   (no gloves)
MR       .....                  (no boots)
Stlth    ..........             x - amulet of harm
Regen    0.3/turn               g - ring of protection from fire
                                o - ring of flight

@: no status effects
A: retaliatory headbutt, horns 2
a: Stomp, Line Pass, Renounce Religion, Evoke Flight


You were in a bailey.
You worshipped Uskayaw.
Uskayaw was noncommittal.
You were hungry.

You visited 1 branch of the dungeon, and saw 8 of its levels.
You also visited: Bailey.

You collected 584 gold pieces.

Inventory:

Hand Weapons
 a - a +0 war axe (weapon)
 K - the +3 flail "Agaedir" {flame, -Tele *Noise rC+++ Str+6}
   (You found it on level 7 of the Dungeon)

   It has been specially enchanted to burn those struck by it, causing extra
   injury to most foes and up to half again as much damage against particularly
   susceptible opponents.
   It affects your strength (+6).
   It renders you almost immune to cold.
   It may make noises in combat.
   It prevents most forms of teleportation.
Armour
 t - a +0 chain mail (worn)
Jewellery
 g - a ring of protection from fire (right hand)
 o - a ring of flight (left hand)
 x - an amulet of harm (around neck)
 y - an uncursed amulet of faith {unknown}
 C - a cursed ring of teleportation {unknown}
 F - a cursed ring of teleportation {unknown}
 J - an uncursed ring of protection from magic {unknown}
Scrolls
 b - 5 scrolls of recharging {unknown}
 c - 10 scrolls of identify
 e - 5 scrolls of remove curse
 h - 2 scrolls of enchant weapon {unknown}
 j - a scroll of noise {unknown}
 l - 3 scrolls of teleportation {unknown}
 n - a scroll of blinking {unknown}
 p - a scroll of random uselessness {unknown}
 s - a scroll of fear {unknown}
 v - 2 scrolls of immolation {unknown}
 w - 3 scrolls of amnesia {unknown}
 G - a scroll of enchant armour {unknown}
Potions
 k - a potion of haste {unknown}
 r - 4 potions of curing
 u - 2 potions of flight {unknown}
 z - 2 potions of mutation {unknown}
 E - 5 potions of resistance {unknown}
 H - 3 potions of heal wounds {unknown}
 I - a potion of cancellation {unknown}
 M - a potion of lignification {unknown}
Books
 A - a book of Minor Magic

   Spells                             Type                      Level
   a - Magic Dart                     Conjuration                  1
   b - Blink                          Translocation                2
   c - Call Imp                       Summoning                    2
   d - Repel Missiles                 Charms/Air                   2
   e - Slow                           Hexes                        2
   f - Conjure Flame                  Conjuration/Fire             3
   g - Mephitic Cloud                 Conjuration/Poison/Air       3
 D - a book of Changes

   Spells                             Type                      Level
   a - Beastly Appendage              Transmutation                1
   b - Sticks to Snakes               Transmutation                2
   c - Spider Form                    Transmutation/Poison         3
   d - Ice Form                       Ice/Transmutation            4
   e - Blade Hands                    Transmutation                5
Comestibles
 f - 6 bread rations
 i - 7 fruits
 q - 2 meat rations


   Skills:
 + Level 10.8 Fighting
 * Level 14.2 Axes
 + Level 8.1 Armour
   Level 3.6 Shields


You had 9 spell levels left.
You didn't know any spells.

Dungeon Overview and Level Annotations

Branches:
Dungeon (8/15)             Temple (0/1) D:5
   Lair: D:8-11

Altars:
Elyvilon
Gozag
Hepliaklqana
Uskayaw
Vehumet
The Shining One

Annotations:
D:8 exclusion: oklob plant


Innate Abilities, Weirdness & Mutations

You reflexively headbutt those who attack you in melee.
You have a pair of horns on your head.


Message History

You slice the orc knight!!
The orc knight is severely wounded.
The orc knight is no longer paralysed.
The orc knight hits you with a trident!
* * * LOW HITPOINT WARNING * * *
Uskayaw will force your foes to share their pain.
You slash the orc knight!
You headbutt the orc knight, but do no damage.
The orc knight is almost dead.
You hit the orc knight but do no damage.
The orc knight is almost dead.
The orc knight closely misses you.
You hit the orc knight.
The orc knight is almost dead.
The orc knight hits you but does no damage.
You barely miss the orc knight. Your headbutt misses the orc knight.
The orc knight is almost dead.
You closely miss the orc knight. Your headbutt misses the orc knight.
The orc knight is almost dead.
The orc knight hits you with a trident!!
You die...

############ #######
##)∩))......## ##.....######
#.)))..)))...######.......#....
#)))).))).)..#)...#.......'....
#∩.))...)....)@o.)'.......'....
#.....)......#)...#.......'....
#............######.......#....
##.∩........## ##.....######
############ #######


You could see an orc knight.

Vanquished Creatures
  A two-headed ogre (D:8)
  3 orc knights (Bailey)
  An ugly thing (D:6)
  Sigmund (D:4)
  Eustachio (D:4)
  A yak (D:4)
  2 hungry ghosts (D:8)
  Edmund (D:4)
  A sky beast (D:6)
  12 orc warriors
  4 ogres
  A phantom (D:7)
  The ghost of Yoshimo the Slasher, an amateur BaSk (D:3)
  A centaur (D:7)
  A big kobold (D:8)
  2 bullfrogs
  A scorpion (D:8)
  A water moccasin skeleton (D:4)
  A howler monkey (D:8)
  A crimson imp (D:7)
  A quasit (D:8)
  A bullfrog skeleton (D:4)
  A hound (D:6)
  A gnoll shaman (D:7)
  A jelly (D:7)
  4 orc priests
  An iguana (D:7)
  7 worker ants
  7 orc wizards
  A hound zombie (D:8)
  A hound skeleton (D:6)
  A howler monkey skeleton (D:4)
  8 gnolls (D:7)
  7 adders
  2 shadow imps
  2 oozes (D:1)
  2 adder skeletons
  2 adder zombies
  2 worms
  2 dart slugs (D:1)
  3 leopard geckos
  49 orcs
  7 giant cockroaches
  3 goblins
  4 hobgoblins
  2 jackals (D:5)
  9 kobolds
  4 quokkas
  7 bats
  A frilled lizard (D:5)
  A giant cockroach zombie (D:6)
  A leopard gecko zombie (D:7)
  A quokka skeleton (D:6)
  9 rats
  A bush (D:4)
194 creatures vanquished.

Vanquished Creatures (others)
  A hobgoblin (D:2)
1 creature vanquished.

Grand Total: 195 creatures vanquished

Notes
Turn   | Place    | Note
-------+----------+-------------------------------------------
     0 | D:1      | Klosterheim the Minotaur Fighter began the quest for the Orb.
     0 | D:1      | Reached XP level 1. HP: 19/19 MP: 0/0
    27 | D:1      | Reached skill level 3 in Axes
    37 | D:1      | Reached XP level 2. HP: 11/27 MP: 1/1
   422 | D:1      | Reached XP level 3. HP: 32/33 MP: 2/2
   725 | D:2      | Reached skill level 4 in Axes
   869 | D:2      | Found a white marble altar of Elyvilon.
   969 | D:2      | Found a hide-covered altar of Uskayaw.
  1027 | D:2      | Became a worshipper of Uskayaw the Reveler
  1120 | D:2      | Reached * piety under Uskayaw
  1414 | D:3      | Reached XP level 4. HP: 34/41 MP: 3/3
  1450 | D:3      | Noticed Yoshimo's ghost (amateur BaSk)
  1531 | D:3      | Reached ** piety under Uskayaw
  1534 | D:3      | Killed Yoshimo's ghost
  1534 | D:3      | Reached skill level 5 in Axes
  1534 | D:3      | Reached XP level 5. HP: 27/47 MP: 4/4
  1534 | D:3      | Reached *** piety under Uskayaw
  1713 | D:3      | Reached skill level 5 in Fighting
  2171 | D:4      | Noticed Edmund
  2187 | D:4      | Killed Edmund
  2187 | D:4      | Reached skill level 6 in Axes
  2187 | D:4      | Reached XP level 6. HP: 41/56 MP: 1/5
  2312 | D:4      | Reached skill level 7 in Axes
  2388 | D:4      | Found a hazy altar of Hepliaklqana.
  2408 | D:4      | Noticed Eustachio
  2431 | D:4      | Killed Eustachio
  2578 | D:4      | Noticed a yak
  2586 | D:4      | Killed a yak
  2586 | D:4      | Reached skill level 8 in Axes
  2586 | D:4      | Reached XP level 7. HP: 35/64 MP: 6/6
  2965 | D:4      | Reached skill level 9 in Axes
  3176 | D:4      | Noticed Sigmund
  3187 | D:4      | Killed Sigmund
  3187 | D:4      | Reached XP level 8. HP: 28/73 MP: 7/7
  3545 | D:4      | Found an opulent altar of Gozag.
  3801 | D:5      | Entered Level 5 of the Dungeon
  3930 | D:5      | Reached skill level 10 in Axes
  3959 | D:5      | Found a staircase to the Ecumenical Temple.
  4065 | D:5      | Reached **** piety under Uskayaw
  4354 | D:5      | Found a glowing golden altar of the Shining One.
  4958 | D:6      | Noticed a green ugly thing
  4976 | D:6      | Killed a green ugly thing
  4976 | D:6      | Reached skill level 11 in Axes
  4976 | D:6      | Reached XP level 9. HP: 43/82 MP: 4/8
  5473 | D:6      | Reached skill level 5 in Armour
  5956 | D:7      | Reached skill level 12 in Axes
  6587 | D:7      | Got an ichor-stained flail
  6588 | D:7      | Identified the +3 flail "Agaedir" {flame, -Tele *Noise rC+++ Str+6} (You found it on level 7 of the Dungeon)
  7297 | D:8      | Noticed an oklob plant
  7345 | D:8      | Noticed a two-headed ogre
  7645 | D:8      | Killed a two-headed ogre
  7645 | D:8      | Reached skill level 10 in Fighting
  7645 | D:8      | Reached skill level 13 in Axes
  7645 | D:8      | Reached XP level 10. HP: 58/93 MP: 9/9
  7695 | D:8      | Found a radiant altar of Vehumet.
  7699 | D:8      | Found a flagged portal.
  7720 | Bailey   | Entered a bailey
  8146 | Bailey   | HP: 3/93 [orc warrior/trident (15)]
  8178 | Bailey   | HP: 1/93 [orc warrior/spear (7)]
  8705 | Bailey   | Noticed an orc knight
  8705 | Bailey   | Noticed an orc knight
  8746 | Bailey   | Killed an orc knight
  8753 | Bailey   | Killed an orc knight
  8755 | Bailey   | Reached ***** piety under Uskayaw
  8756 | Bailey   | Reached skill level 14 in Axes
  9084 | Bailey   | Noticed an orc knight
  9084 | Bailey   | Noticed an orc knight
  9121 | Bailey   | Killed an orc knight
  9128 | Bailey   | Demolished by an orc knight

Vault maps used:
D:1:      roderic_octagonal_star
D:2:      nicolae_overflow_crystal_walls, elyvilon_altar_4
D:4:      lemuel_crystal_altar, first_bread, serial_forest,
          infiniplex_forest_end_2, infiniplex_forest_lined_room_2,
          infiniplex_forest_straight_3, infiniplex_forest_end_2,
          infiniplex_forest_clump_long, infiniplex_forest_lined_room_3,
          infiniplex_forest_end_1, grunt_gozag_breadcrumbs, uniq_sigmund,
          uniq_edmund, uniq_eustachio
D:5:      tso_metal_star, guppyfry_early_orc_mine
D:6:      cheibrodos_two_vegetables
D:8:      grunt_temple_overflow_diamond, enter_bailey_2, lemuel_oklob_altar
Bailey:   bailey_polearm_5, bailey

Skill      XL: |  1  2  3  4  5  6  7  8  9 10 |
---------------+-------------------------------+-----
Axes           | 3 4 5 6 8 9 11 13 14 | 14.2
Fighting       | 4 5 6 7 8 10 | 10.8
Armour         | 4 6 8 |  8.1
Shields        | |  3.6

Action                   |  1- 3 |  4- 6 |  7- 9 | 10-12 || total
-------------------------+-------+-------+-------+-------++-------
Melee: War axe           |    69 |    61 |   288 |    76 ||   494
       Headbutt          |    12 |    10 |    63 |    18 ||   103
Invok: Stomp             |       |     1 |     3 |       ||     4
       Line Pass         |       |     1 |     1 |       ||     2
  Use: Scroll            |       |     2 |       |       ||     2
       Potion            |       |       |     3 |     2 ||     5
 Stab: Paralysed         |       |       |     6 |     7 ||    13
  Eat: Chunk             |     2 |     4 |    16 |     4 ||    26
       Royal jelly       |       |       |     1 |       ||     1
       Fruit             |       |       |       |     1 ||     1
Armor: Scale mail        |    36 |    10 |       |       ||    46
       Chain mail        |       |    24 |   111 |    21 ||   156
Dodge: Dodged            |    37 |    34 |    88 |    24 ||   183
